 Dungeon Crawl Stone Soup version 0.28.0-47-ge53b351184 (webtiles) character file.

Game seed: 10736842766750339086

54 Keeper01 the Chucker (level 3, -1/30 HPs)
             Began as a Hill Orc Hunter on May 10, 2022.
             Slain by an iguana (3 damage)
             ... on level 4 of the Dungeon.
             The game lasted 00:05:58 (947 turns).

Keeper01 the Chucker (Hill Orc Hunter)               Turns: 947, Time: 00:05:59

Health: -1/30      AC:  3    Str: 16    XL:     3   Next: 91%
Magic:  3/3        EV: 11    Int: 11    God:
Gold:   18         SH:  0    Dex: 11    Spells: 2/2 levels left

rFire   . . .      SeeInvis .   a - +0 short sword
rCold   . . .      Faith    .   (no shield)
rNeg    . . .      Spirit   .   b - +0 leather armour
rPois   .          Reflect  .   (helmet restricted)
rElec   .          Harm     .   (no cloak)
rCorr   .          Rampage  .   (no gloves)
Will    .....                   (no boots)
Stlth   +.........              (no amulet)
HPRegen 0.10/turn               (no ring)
MPRegen 0.08/turn               (no ring)

@: weak-willed
A: antennae 1, strong-willed 1
a: no special abilities


You were on level 4 of the Dungeon.
You visited 1 branch of the dungeon, and saw 4 of its levels.

You collected 18 gold pieces.

Inventory:

Hand Weapons
 a - a +0 short sword (weapon)
 c - a +0 spear
 i - a +1 dagger of draining
Missiles
 f - 20 stones (quivered)
Armour
 b - a +0 leather armour (worn)
Scrolls
 e - a scroll of torment {unknown}
Potions
 h - a potion of attraction {unknown}


   Skills:
 + Level 2.9 Fighting
 + Level 0.9 Short Blades
 + Level 0.7 Polearms
 + Level 4.1 Throwing
 + Level 1.1 Armour
 + Level 1.8 Dodging
 + Level 0.7 Stealth


You had 2 spell levels left.
You didn't know any spells.
Your spell library was empty.

Dungeon Overview and Level Annotations

Branches:
Dungeon (4/15)
 Temple: D:4-7

Altars:

Annotations:
D:2 Terence


Innate Abilities, Weirdness & Mutations

You have a pair of small antennae on your head.
You are strong-willed. (Will+)


Message History

You hit the adder.
You kill the adder!
You feel sick.
You start resting.
You feel sick. x3
You are no longer poisoned.
You start resting.
HP restored.
You start waiting.
Done waiting.
Unknown command.
Found a sedimented dark potion.
h - a sedimented dark potion
Found a glowing dagger.
Found a stone staircase leading down.
You see here a +1 dagger of draining.
i - a +1 dagger of draining
Okay, then.
You sense an unholy aura.
i - a +1 dagger of draining (weapon)
a - a +0 short sword (weapon)
There is a stone staircase leading down here.
You climb downwards.
The iguana hisses angrily.
There is a stone staircase leading up here.
You hit the iguana.
The iguana is lightly wounded.
The iguana hisses angrily.
The iguana bites you!
You hit the iguana but do no damage.
The iguana is lightly wounded.
The iguana bites you!
* * * LOW HITPOINT WARNING * * *
It was a potion of mutation.
You feel extremely strange.
You feel strong-willed. A pair of antennae grows on your head!
The iguana bites you!
* * * LOW HITPOINT WARNING * * *
As you read the scroll labelled EMMORCHO EXKO, it crumbles to dust.
Magic quickly surges around you.
It was a scroll of vulnerability.
The iguana bites you.
You die...

.........#
.........#
.........##
..........
.........#
#........#
#.....l.#
#....@#
###..l#
###.# ###


You could see 2 iguanas.

Vanquished Creatures
  Natasha (D:2)
  An adder (D:3)
  2 bats (D:1)
  An endoplasm (D:1)
  A giant cockroach (D:1)
  2 goblins
  A hobgoblin (D:1)
  4 jackals (D:1)
  A kobold (D:1)
  A ball python (D:1)
  2 frilled lizards (D:1)
  2 rats
19 creatures vanquished.

Notes
Turn   | Place    | Note
-------+----------+-------------------------------------------
     0 | D:1      | Keeper01 the Hill Orc Hunter began the quest for the Orb.
     0 | D:1      | Reached XP level 1. HP: 18/18 MP: 1/1
   173 | D:1      | Reached skill level 4 in Throwing
   173 | D:1      | Reached XP level 2. HP: 22/25 MP: 2/2
   560 | D:2      | Noticed Natasha
   572 | D:2      | Killed Natasha
   573 | D:2      | Reached skill level 1 in Armour
   573 | D:2      | Reached XP level 3. HP: 29/30 MP: 3/3
   590 | D:2      | Noticed Terence
   946 | D:4      | Gained mutation: You are strong-willed. (Will+) [potion of
                  | mutation]
   946 | D:4      | Gained mutation: You have a pair of small antennae on your
                  | head. [potion of mutation]
   947 | D:4      | Slain by an iguana

Illustrated notes

Levels and vault maps discovered:
D:1:      sevenhm_arrival_forest_fort_small_3, layout_loops_cross
D:2:      layout_basic, ebering_ecumenical_altar_webs, uniq_terence,
          uniq_natasha, uniq_robin
D:3:      layout_loops_cross, grunt_ministairs_1
D:4:      layout_cave_pods

Skill      XL: |  1  2 |
---------------+-------+-----
Throwing       | 4 |  4.1
Armour         | 1 |  1.1
Fighting       | |  2.9
Short Blades   | |  0.9
Polearms       | |  0.7
Dodging        | |  1.8
Stealth        | |  0.7

Action                   || total
-------------------------++-------
Melee: Short sword       ||    18
       Spear             ||    63
       Punch             ||     1
Throw: Stone             ||     4
  Use: Scroll            ||     2
       Potion            ||     2
Armor: Leather armour    ||    39
Dodge: Dodged            ||    71
